 Dungeon Crawl Stone Soup version 0.23-a0-494-g91793a9 (webtiles) character file.

1662 Larett the Cleaver (level 8, -2/64 HPs)
             Began as a Minotaur Berserker on Dec 4, 2018.
             Was a Priest of Trog.
             Killed from afar by an electric eel (14 damage)
             ... with a bolt of electricity
             ... on level 6 of the Dungeon.
             The game lasted 00:15:55 (7060 turns).

Larett the Cleaver (Minotaur Berserker)             Turns: 7060, Time: 00:15:56

Health: -2/64      AC:  8    Str: 22    XL:     8   Next: 69%
Magic:  7/7        EV: 10    Int:  4    God:    Trog [***...]
Gold:   157        SH:  3    Dex: 12    Spells: 7/7 levels left

rFire    . . .     SeeInvis +   a - +4 hand axe (venom)
rCold    . . .     Gourm    .   S - +0 buckler
rNeg     . . .     Faith    .   I - +2 scale mail {rPois}
rPois    +         Spirit   .   (helmet restricted)
rElec    .         Reflect  .   (no cloak)
rCorr    +         Harm     .   (no gloves)
MR       .....                  (no boots)
Stlth    ..........             (no amulet)
HPRegen  0.20/turn              g - ring of resist corrosion
MPRegen  0.10/turn              s - ring of see invisible

@: no status effects
A: retaliatory headbutt, horns 2
a: Berserk, Trog's Hand, Renounce Religion


You were on level 6 of the Dungeon.
You worshipped Trog.
Trog was most pleased with you.
You were hungry.

You visited 1 branch of the dungeon, and saw 6 of its levels.
You also visited: Sewer.

You collected 337 gold pieces.
You spent 180 gold pieces at shops.

Inventory:

Hand Weapons
 a - a +4 hand axe of venom (weapon)
 b - a +0 blowgun
Missiles
 d - 246 stones (quivered)
 H - 3 tomahawks
 K - 18 poisoned needles
 R - 76 sling bullets
 W - 90 arrows
 X - 4 javelins of penetration
 Y - 45 bolts
 Z - a throwing net {!f}
Armour
 I - a +2 scale mail of poison resistance (worn)
 S - a +0 buckler (worn)
Jewellery
 f - an uncursed ring of protection from fire
 g - a ring of resist corrosion (left hand)
 s - a ring of see invisible (right hand)
Scrolls
 B - 2 scrolls of blinking
 J - 2 scrolls of remove curse
 M - 2 scrolls of magic mapping {!r}
 T - 5 scrolls of teleportation
Potions
 j - 2 potions of might
 k - 4 potions of heal wounds
 F - a potion of lignification {unknown}
 L - a potion of brilliance {unknown}
 N - a potion of cancellation {unknown}
 O - a potion of flight {unknown}
 P - 2 potions of degeneration {unknown}
 Q - 5 potions of curing
 U - a potion of magic {unknown}
Comestibles
 c - 12 rations
 V - 3 chunks of flesh


   Skills:
 - Level 3.6 Fighting
 + Level 13.2 Axes
 - Level 2.4 Armour
 - Level 2.1 Dodging


You had 7 spell levels left.
You didn't know any spells.
Your spell library was empty.

Dungeon Overview and Level Annotations

Branches:
Dungeon (6/15)
 Temple: D:4-7

Altars:
Cheibriados
Okawaru
Qazlal
Sif Muna
Yredelemnul

Shops:
D:4 [


Innate Abilities, Weirdness & Mutations

You reflexively headbutt those who attack you in melee.
You have a pair of horns on your head.


Message History

The bolt of electricity hits the plant.
The orc hits the plant but does no damage.
The orc splashes around in the water.
The electric eel shoots out a bolt of lightning at you!
The bolt of electricity hits the plant.
The bolt of electricity hits you!
You are feeling hungry.
The electric eel shoots out a bolt of lightning at you!
The bolt of electricity hits the plant.
The bolt of electricity hits you!
The orc priest calls down the wrath of Beogh upon you.
Beogh smites you!
The electric eel shoots out a bolt of lightning at you!
The bolt of electricity hits the plant.
The bolt of electricity hits you!
The electric eel shoots out a bolt of lightning at you!
The bolt of electricity hits the plant.
The bolt of electricity hits you!
* * * LOW HITPOINT WARNING * * *
The electric eel shoots out a bolt of lightning at you!
The bolt of electricity hits the plant.
The bolt of electricity misses you.
The electric eel shoots out a bolt of lightning at you!
The bolt of electricity hits the plant.
The bolt of electricity hits you!
You die...

##.##
#≈♣♣♣≈≈≈.P≈≈≈≈♣
#..#
#≈≈P≈≈≈≈.Po≈≈♣♣
##.###≈≈≈≈≈≈≈.≈;≈P♣
#..#♣≈≈≈P≈≈o.÷;P♣♣
##.≈≈≈≈≈≈≈≈≈.P≈≈♣
#..)≈≈P≈≈P≈.≈≈≈#
##..P≈≈≈≈≈≈.≈♣##
##..♣≈≈♣≈...#
##..@......#
###########


You could see 2 electric eels, an orc priest and an orc wizard.

Vanquished Creatures
  A water moccasin (D:6)
  Purgy (Sewer)
  A black bear (D:3)
  A phantom (D:5)
  The ghost of popps the Ducker, an amateur DsGl of Okawaru (D:3)
  4 ogres
  3 electric eels (D:6)
  2 bullfrogs
  3 scorpions
  A bullfrog zombie (D:6)
  A bullfrog skeleton (D:6)
  Natasha (thrice) (D:3)
  2 iguanas
  A worker ant (D:4)
  A killer bee zombie (D:6)
  7 adders
  A river rat (D:4)
  8 worms
  2 dart slugs (D:1)
  3 leopard geckos
  4 orcs
  8 giant cockroaches
  4 goblins (D:1)
  7 hobgoblins
  9 jackals
  A ball python (D:3)
  12 bats
  4 frilled lizards
  9 kobolds
  11 rats
  5 bushes (D:3)
  A plant (D:3)
122 creatures vanquished.

Vanquished Creatures (collateral kills)
  An ogre (D:6)
1 creature vanquished.

Vanquished Creatures (others)
  2 plants (D:6)
2 creatures vanquished.

Grand Total: 125 creatures vanquished

Notes
Turn   | Place    | Note
-------+----------+-------------------------------------------
     0 | D:1      | Larett the Minotaur Berserker began the quest for the Orb.
     0 | D:1      | Reached XP level 1. HP: 19/19 MP: 0/0
   127 | D:1      | Reached skill level 4 in Axes
   217 | D:1      | Reached XP level 2. HP: 22/26 MP: 1/1
   771 | D:1      | Reached skill level 5 in Axes
   794 | D:1      | Reached XP level 3. HP: 26/31 MP: 2/2
   896 | D:1      | Reached ** piety under Trog
  1214 | D:2      | Found a stormy altar of Qazlal.
  1334 | D:2      | Reached skill level 6 in Axes
  1334 | D:2      | Reached XP level 4. HP: 39/39 MP: 3/3
  1874 | D:3      | Found a transporter.
  1882 | D:3      | Noticed popps's ghost (amateur DsGl)
  1885 | D:3      | Found a transporter.
  1910 | D:3      | Killed popps's ghost
  1910 | D:3      | Reached skill level 7 in Axes
  1910 | D:3      | Reached XP level 5. HP: 45/45 MP: 4/4
  2132 | D:3      | Noticed a black bear
  2140 | D:3      | Killed a black bear
  2140 | D:3      | Reached skill level 8 in Axes
  2140 | D:3      | Reached XP level 6. HP: 33/51 MP: 5/5
  2486 | D:3      | Noticed Natasha
  2491 | D:3      | Killed Natasha
  2849 | D:3      | Noticed Natasha
  2852 | D:3      | Killed Natasha
  3387 | D:3      | Noticed Natasha
  3392 | D:3      | Killed Natasha
  3444 | D:4      | Reached *** piety under Trog
  3484 | D:4      | Reached skill level 9 in Axes
  3505 | D:4      | Found a glowing drain.
  3543 | Sewer    | Entered a sewer
  3600 | Sewer    | Noticed Purgy
  3610 | Sewer    | Killed Purgy
  3927 | D:4      | Reached XP level 7. HP: 20/57 MP: 6/6
  4258 | D:4      | Found a basalt altar of Yredelemnul.
  4272 | D:4      | Reached skill level 10 in Axes
  4377 | D:4      | Found an iron altar of Okawaru.
  4734 | D:4      | Found Fuhoqud's Armour Shop.
  4737 | D:4      | Bought a +2 scale mail of poison resistance for 180 gold
                  | pieces
  5008 | D:4      | Reached skill level 11 in Axes
  5032 | D:5      | Entered Level 5 of the Dungeon
  5440 | D:5      | Reached XP level 8. HP: 37/64 MP: 7/7
  5778 | D:5      | Found a snail-covered altar of Cheibriados.
  6075 | D:6      | Reached skill level 12 in Axes
  6218 | D:6      | Found a deep blue altar of Sif Muna.
  6291 | D:6      | HP: 9/64 [electric eel/bolt of electricity (12)]
  6293 | D:6      | HP: 3/64 [electric eel/bolt of electricity (6)]
  6621 | D:6      | Reached skill level 13 in Axes
  6671 | D:6      | HP: 6/64 [electric eel/bolt of electricity (10)]
  7060 | D:6      | Killed from afar by an electric eel

Vault maps used:
D:1:      dpeg_arrival_stone_temple_mockup, minmay_small_reverse_x
D:2:      grunt_qazlal_clouds, grunt_ministairs_7, patterned_corridor
D:3:      serial_forest, infiniplex_forest_clump_diagonal,
          infiniplex_forest_clump_curved, infiniplex_forest_clump_tiny,
          infiniplex_forest_corner_2, infiniplex_forest_straight_4,
          infiniplex_forest_straight_4, infiniplex_forest_straight_1,
          infiniplex_forest_clump_large, infiniplex_forest_clump_tiny,
          gammafunk_ghost_arena, uniq_natasha
D:4:      yredelemnul_altar_generic, old_standard_altar, first_ration,
          serial_shops, kennysheep_mini_moat, lightli_sewer_entry_pipes
D:5:      basic_altar
D:6:      lemuel_doored_altar, old_standard_altar, serial_bayou,
          serial_bayou_pond_a, serial_bayou_lagoon_b, serial_bayou_lagoon_a
Sewer:    kennysheep_door_sewer

Skill      XL: |  1  2  3  4  5  6  7  8 |
---------------+-------------------------+-----
Axes           | 4 5 6 7 8 9 11 13 | 13.2
Fighting       | |  3.6
Armour         | |  2.4
Dodging        | |  2.1

Action                   |  1- 3 |  4- 6 |  7- 9 || total
-------------------------+-------+-------+-------++-------
Melee: Hand axe          |    60 |   186 |    79 ||   325
       Headbutt          |     9 |    45 |    19 ||    73
Invok: Berserk           |       |     1 |       ||     1
       Trog's Hand       |       |     1 |       ||     1
Evoke: Wand              |       |       |     6 ||     6
  Use: Scroll            |     5 |     4 |     3 ||    12
  Eat: Chunk             |     1 |    10 |     9 ||    20
Armor: Animal skin       |     6 |       |       ||     6
       Ring mail         |     4 |    35 |     1 ||    40
       Scale mail        |       |       |    12 ||    12
Dodge: Dodged            |    42 |    49 |    30 ||   121
Block: Buckler           |     4 |    11 |     9 ||    24

Table legend:
 A = Non-vault XP
 B = Vault XP
 C = Vault XP percentage of total XP
 D = Non-vault monster count
 E = Vault monster count
 F = Vault count percentage of total count
                 A         B        C        D         E       F
            +---------+---------+-------+---------+---------+-------
      Total |    2006 |     369 |  15.5 |      91 |      26 |  22.2
            +---------+---------+-------+---------+---------+-------
        D:1 |      48 |       8 |  14.3 |      27 |       4 |  12.9
        D:2 |      78 |      14 |  15.2 |      21 |       2 |   8.7
        D:3 |     231 |     156 |  40.3 |      15 |       5 |  25.0
        D:4 |     508 |      49 |   8.8 |      10 |       9 |  47.4
        D:5 |     324 |       0 |   0.0 |       6 |       0 |   0.0
        D:6 |     817 |       0 |   0.0 |      12 |       0 |   0.0
      Sewer |       0 |     142 | 100.0 |       0 |       6 | 100.0
            +---------+---------+-------+---------+---------+-------
